 Dungeon Crawl Stone Soup version 0.30-a0-718-geaa24f58ff (webtiles) character file.

Game seed: 6920359665327179749

5750 CrazyBamboolord the Spear-Bearer (level 11, -6/77 HPs)
             Began as a Formicid Fighter on Jan 25, 2023.
             Was a Follower of Hepliaklqana.
             Mangled by an entropy weaver (shapeshifter) (8 damage)
             ... on level 9 of the Dungeon.
             The game lasted 00:21:48 (7887 turns).

CrazyBamboolord the Spear-Bearer (Formicid Fighter) Turns: 7887, Time: 00:21:48

Health: -6/77      AC: 11    Str: 24 (26) XL:     11   Next: 5%
Magic:  13/13      EV:  9    Int:  5 (7)  God:    Hepliaklqana [*.....]
Gold:   425        SH: 11    Dex: 10 (13) Spells: 10/10 levels left

rFire   + . .      SeeInvis +    C - +1 spear (vamp)
rCold   . . .      Faith    .    G - +1 kite shield
rNeg    . . .      Spirit   .    b - +0 scale mail
rPois   +          Reflect  .    (helmet unavailable)
rElec   .          Harm     .    (no cloak)
rCorr   .          Rampage  .    q - +2 pair of gloves
Will    +....                    (no boots) Stlth
                                 h - amulet of regeneration
HPRegen 1.12/turn                i - ring of protection from fire
MPRegen 0.13/turn                c - ring of poison resistance

@: brilliant
A: reduced essence, permanent stasis, dig shafts and tunnels, antennae 3, four
strong arms
a: Dig, Shaft Self, Renounce Religion, Recall Ancestor, Ancestor Identity


You were on level 9 of the Dungeon.
You worshipped Hepliaklqana.
Hepliaklqana was aware of your devotion.
You visited 2 branches of the dungeon, and saw 10 of its levels.
You also visited: Sewer.

You collected 550 gold pieces.
You spent 125 gold pieces at shops.

Inventory:

Hand Weapons
 C - a +1 vampiric spear (weapon)
Missiles
 B - a throwing net
Armour
 b - a +0 scale mail (worn)
 q - a +2 pair of gloves (worn)
 G - a +1 kite shield (worn)
Jewellery
 a - a +4 ring of protection
 c - a ring of poison resistance (right hand)
 g - a ring of fire
 h - an amulet of regeneration (around neck)
 i - a ring of protection from fire (left hand)
 l - a ring of ice
 u - a ring of ice
 D - an amulet of guardian spirit
 F - a ring of protection from cold
Wands
 d - a wand of digging (7)
 x - a wand of roots (11)
 y - a wand of polymorph (9)
 E - a wand of mindburst (13)
Scrolls
 f - a scroll of torment {unknown}
 j - 4 scrolls of teleportation
 k - 2 scrolls of amnesia {unknown}
 s - a scroll of magic mapping
 w - a scroll of blinking {unknown}
 J - a scroll of immolation
Potions
 e - 2 potions of curing
 m - 4 potions of mutation
 o - 2 potions of flight
 p - a potion of degeneration
 r - a potion of berserk rage
 t - a potion of brilliance
 v - a potion of lignification {unknown}
 z - a potion of resistance {unknown}
 A - a potion of haste
 H - a potion of ambrosia {unknown}


   Skills:
 * Level 8.0 Fighting
 * Level 10.1 Polearms
 * Level 8.7 Armour
 - Level 2.0 Dodging
 * Level 9.2 Shields
 * Level 3.3 Invocations


You had 10 spell levels left.
You didn't know any spells.
Your spell library contained the following spells:

 Spells                   Type           Power      Damage    Failure   Level
 Magic Dart               Conj           0%         1d3       91%         1
 Lesser Beckoning         Tloc           0%         N/A       97%         2
 Searing Ray              Conj           0%         2d4       97%         2
 Call Canine Familiar     Summ           0%         N/A       100%        3
 Gell's Gravitas          Tloc           0%         N/A       100%        3
 Portal Projectile        Hex/Tloc       0%         N/A       100%        3
 Teleport Other           Tloc           0%         N/A       100%        3
 Fulminant Prism          Conj/Hex       0%         3d5       100%        4
 Leda's Liquefaction      Hex/Erth       0%         N/A       100%        4


Dungeon Overview and Level Annotations

Branches:
Dungeon (9/15)             Temple (1/1) D:4            Lair (0/5) D:8
  Sewer (visited)
    Orc: D:9-12

Altars:
Ashenzari
Cheibriados
Dithmenos
Elyvilon
Fedhas
Gozag
Hepliaklqana
Kikubaaqudgha
Makhleb
Okawaru
Qazlal
Ru
Sif Muna
Trog
Uskayaw
Vehumet
Wu Jian
Xom
Yredelemnul
The Shining One

Shops:
D:4 *


Innate Abilities, Weirdness & Mutations

Your life essence is reduced to manifest your ancestor. (-10% HP)
You cannot be hasted, slowed, berserked, paralysed or teleported.
You can dig through walls and to a lower floor.
You have a pair of large antennae on your head. (SInv)
Your four strong arms can wield two-handed weapons with a shield.


Message History

The fire crab is lightly wounded.
You are engulfed in blazing flames.
You resist.
You hit the fire crab but do no damage.
The fire crab is lightly wounded.
You are engulfed in blazing flames.
You resist. The fire crab breathes flames at you.
The blast of flame engulfs you. You resist.
It was a potion of degeneration.
There was something very wrong with that liquid.
You feel weakened.
You feel dopey.
You feel clumsy.
You are engulfed in blazing flames.
You resist. The fire crab breathes flames at you.
The blast of flame engulfs you but does no damage.
It was a potion of berserk rage.
Your stasis prevents you from going berserk.
You block the fire crab's attack. The fire crab claws you.
You are engulfed in flames.
You resist.
* * * LOW HITPOINT WARNING * * *
You feel better. The fire crab breathes flames at you.
The blast of flame engulfs you. You resist.
It was a potion of brilliance.
You feel clever all of a sudden.
You are engulfed in blazing flames.
You resist.
* * * LOW HITPOINT WARNING * * *
The fire crab changes into an entropy weaver!
Okay, then.
You feel better.
You are engulfed in blazing flames.
You resist.
* * * LOW HITPOINT WARNING * * *
It was a potion of haste.
Your stasis prevents you from being hasted.
You are engulfed in blazing flames.
You resist.
* * * LOW HITPOINT WARNING * * *
The entropy weaver hits you!
* * * LOW HITPOINT WARNING * * *
The entropy weaver hits you but does no damage.
You block the entropy weaver's attack. The entropy weaver closely misses you.
You block the entropy weaver's attack. x2
The entropy weaver barely misses you. The entropy weaver hits you!
You die...

#... ..># #...
...#
#..#########..#
#..#.......#..#
#..#.......#..#
#..#..(.(..#..#
#......)....°.#
#..#....).B#°.#
#.)#......@#°°#
#..#.......#..#
#..#########..#
#........ ...#
#<....... ...#
######### ####


You could see an entropy weaver shaped shifter.

Vanquished Creatures
  A centaur warrior (D:9)
  An ugly thing (D:8)
  6 yaks
  Eustachio (D:6)
  2 steam dragons
  A vampire mosquito (D:8)
  Menkaure (D:6)
  3 water moccasins
  An acid dragon (D:8)
  An orc warrior (D:7)
  4 ice beasts
  2 black bears
  2 sky beasts
  3 ogres
  3 centaurs
  4 bullfrogs
  A necrophage (D:6)
  A gnoll sergeant (D:6)
  2 scorpions (D:5)
  3 howler monkeys
  An electric eel (D:8)
  5 hounds
  4 orc priests
  2 jellies
  An iron imp (D:8)
  4 orc wizards
  A hell rat (Sewer)
  3 gnolls (D:6)
  5 adders
  3 river rats
  A white imp (D:8)
  An ufetubus (D:5)
  4 worms
  2 dart slugs (D:1)
  21 orcs
  8 endoplasms
  3 giant cockroaches
  4 goblins
  5 hobgoblins
  2 jackals (D:1)
  5 quokkas
  12 ball pythons
  5 bats
  5 frilled lizards
  8 kobolds
  8 rats
166 creatures vanquished.

Vanquished Creatures (collateral kills)
  A bullfrog (D:9)
  A killer bee (D:9)
  2 iron imps (D:8)
  A shadow imp (D:8)
5 creatures vanquished.

Vanquished Creatures (others)
  An ancestor (D:9)
1 creature vanquished.

Grand Total: 172 creatures vanquished

Notes
Turn   | Place    | Note
-------+----------+-------------------------------------------
     0 | D:1      | CrazyBamboolord the Formicid Fighter began the quest for
                  | the Orb.
     0 | D:1      | Reached XP level 1. HP: 18/18 MP: 1/1
    84 | D:1      | Reached XP level 2. HP: 24/24 MP: 2/2
   306 | D:1      | Reached XP level 3. HP: 28/30 MP: 3/3
   885 | D:2      | Reached XP level 4. HP: 28/37 MP: 4/4
  1476 | D:3      | Noticed an ogre
  1528 | D:3      | Reached skill level 3 in Polearms
  1639 | D:2      | Reached XP level 5. HP: 32/42 MP: 5/5
  1958 | D:3      | Killed an ogre
  1959 | D:3      | Reached skill level 4 in Polearms
  1959 | D:3      | Reached skill level 5 in Shields
  1959 | D:3      | Reached XP level 6. HP: 18/48 MP: 6/6
  2385 | D:3      | Found a faded altar of an unknown god.
  2811 | D:4      | Found a staircase to the Ecumenical Temple.
  2830 | Temple   | Entered the Ecumenical Temple
  2830 | Temple   | Found a transporter.
  2830 | Temple   | Found a transporter.
  2839 | Temple   | Reached XP level 7. HP: 36/55 MP: 7/7
  2927 | Temple   | Found a transporter.
  2927 | Temple   | Found a transporter.
  3199 | D:4      | Reached skill level 5 in Polearms
  3199 | D:4      | Reached skill level 5 in Armour
  3209 | D:4      | Found a glowing drain.
  3212 | Sewer    | Entered a sewer
  3373 | D:4      | Found Lanwerphia's General Store.
  3395 | D:4      | Bought a potion of heal wounds for 50 gold pieces
  3395 | D:4      | Bought a scroll of enchant armour for 75 gold pieces
  3688 | D:5      | Entered Level 5 of the Dungeon
  3760 | D:5      | Reached XP level 8. HP: 38/61 MP: 8/8
  3801 | D:5      | Reached skill level 5 in Fighting
  3875 | D:5      | Reached skill level 6 in Polearms
  3875 | D:5      | Reached skill level 1 in Dodging
  3944 | D:5      | Noticed a yak
  3944 | D:5      | Noticed a yak
  3944 | D:5      | Noticed a yak
  3944 | D:5      | Noticed a yak
  3948 | D:5      | Noticed a yak
  3987 | D:4      | Killed a yak
  4292 | D:4      | Killed a yak
  4293 | D:4      | Reached skill level 7 in Polearms
  4293 | D:4      | Reached XP level 9. HP: 57/69 MP: 9/9
  4833 | D:6      | Reached skill level 8 in Polearms
  4897 | D:6      | Noticed Menkaure
  4920 | D:6      | Killed Menkaure
  5217 | D:6      | Noticed Eustachio
  5252 | D:6      | Killed Eustachio
  5423 | D:6      | Reached XP level 10. HP: 74/77 MP: 10/10
  5717 | D:6      | Found a shimmering blue altar of Sif Muna.
  5731 | D:6      | Found a broken altar of Ashenzari.
  5732 | D:6      | Found an ancient bone altar of Kikubaaqudgha.
  5732 | D:6      | Found an iron altar of Okawaru.
  5733 | D:6      | Found a stormy altar of Qazlal.
  5735 | D:6      | Found a snail-covered altar of Cheibriados.
  5737 | D:6      | Found a hazy altar of Hepliaklqana.
  5773 | D:6      | Became a worshipper of Hepliaklqana the Forgotten
  6207 | D:7      | Reached skill level 9 in Polearms
  6207 | D:7      | Reached skill level 1 in Invocations
  6353 | D:7      | Found a radiant altar of Vehumet.
  7010 | D:8      | Found a sacrificial altar of Ru.
  7084 | D:8      | Reached * piety under Hepliaklqana
  7348 | D:7      | Found a basalt altar of Yredelemnul.
  7442 | D:8      | Found a staircase to the Lair.
  7452 | D:8      | Found a burning altar of Makhleb.
  7730 | D:9      | Noticed a centaur warrior
  7735 | D:9      | Noticed a red ugly thing
  7753 | D:9      | Killed a centaur warrior
  7754 | D:9      | Reached skill level 10 in Polearms
  7772 | D:8      | Killed a red ugly thing
  7773 | D:8      | Reached XP level 11. HP: 10/77 MP: 13/13
  7860 | D:9      | Noticed a fire crab
  7885 | D:9      | a fire crab changed into an entropy weaver
  7885 | D:9      | Noticed an entropy weaver (shapeshifter)
  7887 | D:9      | HP: 2/77 [entropy weaver (shapeshifter) (11)]
  7887 | D:9      | Mangled by an entropy weaver (shapeshifter)

Illustrated notes

Levels and vault maps discovered:
D:1:      dpeg_arrival_short_road, layout_loops_cross
D:2:      layout_loops_ring
D:3:      layout_basic, hellmonk_ecumenical_altar_leap_of_faith
D:4:      layout_loops_cross, minmay_temple_entry_tees, portal_sewer_entry_b,
          serial_shops, shop_coins
D:5:      layout_basic, chequers_arboretum, lemuel_flamethrower_1
D:6:      layout_layer_cave, minitemple, minmay_diced_spiral, uniq_menkaure,
          uniq_eustachio
D:7:      layout_basic, nicolae_overflow_hidden_temple,
          lemuel_coloured_pillars_altar
D:8:      layout_basic, nicolae_ru_great_annihilating_truth, demons_altar,
          lair_entry_dummy, minmay_between
D:9:      cheibrodos_elevator_heist, layout_cave_pools,
          nemelex_diamond_rough_becter, serial_shops,
          nicolae_inconvenience_store, nicolae_shop_statue_plus,
          nicolae_shop_temple_entry_statues_fountains, minmay_librarian,
          uniq_maurice, uniq_maggie
Temple:   hellmonk_temple_divided_pantheon

Skill      XL: |  1  2  3  4  5  6  7  8  9 10 11 |
---------------+----------------------------------+-----
Polearms       | 3 4 5 7 8 10 | 10.1
Armour         | 4 5 6 7 8 |  8.7
Fighting       | 4 5 6 7 8 |  8.0
Shields        | 5 6 7 9 |  9.2
Dodging        | 1 2 |  2.0
Invocations    | 3 |  3.3

Action                     |  1- 3 |  4- 6 |  7- 9 | 10-12 || total
---------------------------+-------+-------+-------+-------++-------
  Melee: Trident           |   100 |   169 |   291 |       ||   560
         Spear             |       |       |    55 |   359 ||   414
 Invoke: Ancestor Identity |       |       |       |     1 ||     1
Ability: Dig               |       |       |     2 |       ||     2
    Use: Scroll            |       |    10 |     3 |     2 ||    15
         Potion            |       |       |     1 |    11 ||    12
   Stab: Distracted        |       |       |       |     1 ||     1
         Paralysed         |       |       |       |     1 ||     1
 Armour: Scale mail        |    35 |    61 |   147 |   110 ||   353
  Dodge: Dodged            |    33 |    59 |   112 |    98 ||   302
  Block: Buckler           |    24 |    24 |    82 |     1 ||   131
         Kite shield       |       |       |       |   151 ||   151

Table legend: (Time is in decaauts)
 A = Elapsed time spent in this place.
 B = Non-inter-level travel time spent in this place.
 C = Inter-level travel time spent in this place.
 D = Time resting spent in this place.
 E = Time spent auto-exploring this place.
 F = Levels seen in this place.
 G = Mean time per level.
                   A        B        C        D        E       F      G
               +--------+--------+--------+--------+--------+-----+--------+
         Total |   7846 |   7441 |    405 |    503 |   4706 |  11 |  713.3 |
       Dungeon |   7524 |   7126 |    398 |    413 |   4647 |   9 |  836.0 |
        Temple |    145 |    138 |      7 |     79 |      0 |   1 |  145.0 |
         Sewer |    176 |    176 |      0 |     11 |     58 |   1 |  176.0 |
               +--------+--------+--------+--------+--------+-----+--------+

Top non-repeatable levels by time:
     D:6: 1265 daAuts
     D:2: 1121 daAuts
     D:8: 946 daAuts
     D:5: 944 daAuts
     D:4: 902 daAuts
     D:3: 833 daAuts
     D:1: 744 daAuts
     D:7: 689 daAuts
   Sewer: 176 daAuts
  Temple: 145 daAuts
     D:9: 74 daAuts
